 Dungeon Crawl Stone Soup version 0.31-a0-1626-g5cb510d322 (webtiles) character file.

Game seed: 2633194569947924082

130 Malachi the Trooper (level 5, -2/57 HPs)
             Began as an Oni Berserker on Jan 12, 2024.
             Was a Believer of Trog.
             Slain by a gnoll
             ... wielding a +0 halberd
              (10 damage)
             ... on level 4 of the Dungeon.
             The game lasted 00:02:44 (2481 turns).

Malachi the Trooper (Oni Berserker)                 Turns: 2481, Time: 00:02:44

Health: -2/57      AC:  5    Str: 23    XL:     5   Next: 14%
Magic:  5/5        EV: 10    Int:  8    God:    Trog [**....]
Gold:   177        SH:  0    Dex:  8    Spells: 4/4 levels left

rFire   . . .        a - +0 mace
rCold   . . .        (no shield)
rNeg    . . .        b - +0 animal skin
rPois   .            h - +2 hat
rElec   .            (no cloak)
rCorr   .            (gloves unavailable)
SInv    .            (boots unavailable)
Will    .....        (no amulet)
Stlth   +            (no ring)
HPRegen 0.29/turn    (no ring)
MPRegen 0.09/turn

%: no passive effects
@: no status effects
A: large, unfitting armour, horns 1, tough skin 1, double potion healing,
drunken brawling
a: Renounce Religion, Berserk, Trog's Hand


You were on level 4 of the Dungeon.
You worshipped Trog.
Trog was pleased with you.
You visited 1 branch of the dungeon, and saw 4 of its levels.

You collected 177 gold pieces.

Inventory:

Hand Weapons
 a - a +0 mace (weapon)
Missiles
 e - 2 curare-tipped darts (quivered)
 k - 22 stones
Armour
 b - a +0 animal skin (worn)
 h - a +2 hat (worn)
Scrolls
 f - a scroll of fear {unknown}
 g - a scroll of identify {unknown}
 j - a scroll of silence {unknown}
 n - a scroll of noise {unknown}
Potions
 c - a potion of curing
 d - a potion of degeneration {unknown}
 i - a potion of enlightenment {unknown}
 l - a potion of lignification {unknown}
 m - a potion of invisibility {unknown}


   Skills:
 + Level 5.4 Fighting
 + Level 4.0 Maces & Flails
 + Level 3.6 Dodging


You had 4 spell levels left.
You didn't know any spells.
Your spell library was empty.

Dungeon Overview and Level Annotations

Branches:
Dungeon (4/15)
 Temple: D:4-7

Altars:
Cheibriados


Innate Abilities, Weirdness & Mutations

You are too large for most types of armour.
You have a pair of small horns on your head.
You have tough skin. (AC +1)
You gain doubled healing and magic from potions.
Whenever you drink a healing potion, you attack all around you.


Message History

The gnoll is almost dead.
The gnoll hits you with a +0 flail. The hobgoblin barely misses you.
The gnoll closely misses you.
The gnoll hits you from afar with a +0 halberd.
The gnoll barely misses you. The hobgoblin closely misses you.
Unknown command.
The hobgoblin barely misses you. The gnoll hits you with a +0 flail.
The gnoll closely misses you. The hobgoblin barely misses you.
The hobgoblin hits you with a +0 mace.
The gnoll hits you from afar with a +0 halberd.
You hit the hobgoblin. Your headbutt misses the hobgoblin.
The hobgoblin is severely wounded.
The hobgoblin hits you with a +0 mace! The gnoll barely misses you.
The hobgoblin hits you with a +0 mace.
* * * LOW HITPOINT WARNING * * *
You are too injured to fight recklessly!
You are too injured to fight recklessly!
The hobgoblin attacks as it pursues you!
The hobgoblin barely misses you.
You sock the hobgoblin!
You kill the hobgoblin!
Trog accepts your kill. The gnoll closely misses you.
The giant cockroach bites you but does no damage.
You closely miss the gnoll. Your headbutt misses the gnoll.
The gnoll is almost dead.
The gnoll completely misses you.
The giant cockroach bites you but does no damage.
The gnoll barely misses you.
You hit the gnoll.
You kill the gnoll!
Trog accepts your kill.
The giant cockroach bites you but does no damage.
The gnoll hits you from afar with a +0 halberd!
* * * LOW HITPOINT WARNING * * *
The giant cockroach barely misses you. The gnoll attacks as it pursues you!
The gnoll hits you from afar with a +0 halberd!
You die...

###..... .## # ## ...#...
..#! #...# #....# ....
#...# #....# ..# #...#
#..>.###..##.# #...#
#.......:.....
#####...#####......g#.#...
............)#g.##g##.#...
...........@.g..##B.......
.#
............B##g##.##.#...
.# #####...#######.##..#.#
.# #...# #.B.....# .#
#[..# #####.### .. #...#
.# .# #...# .. .#######
##.## ### ....##.####.#
###


You could see 3 gnolls and a giant cockroach.

Vanquished Creatures
  A scorpion (D:3)
  A gnoll (D:4)
  An adder (D:2)
  A dart slug (D:2)
  3 ribbon worms (D:2)
  7 ball pythons
  4 bats
  5 endoplasms
  A giant cockroach (D:2)
  2 goblins
  4 hobgoblins
  4 jackals (D:1)
  5 kobolds
  A quokka (D:1)
  3 frilled lizards (D:2)
  3 rats
46 creatures vanquished.

Notes
Turn   | Place    | Note
-------+----------+-------------------------------------------
     0 | D:1      | Malachi the Oni Berserker began the quest for the Orb.
     0 | D:1      | Reached XP level 1. HP: 24/24 MP: 1/1
    56 | D:1      | Reached XP level 2. HP: 21/32 MP: 2/2
   693 | D:2      | Reached XP level 3. HP: 40/40 MP: 3/3
   840 | D:2      | Reached ** piety under Trog
  1084 | D:2      | Found a snail-covered altar of Cheibriados.
  1394 | D:3      | Noticed a scorpion
  1406 | D:3      | Killed a scorpion
  1407 | D:3      | Reached skill level 5 in Fighting
  1407 | D:3      | Reached XP level 4. HP: 34/50 MP: 4/4
  1711 | D:3      | Found a faded altar of an unknown god.
  1998 | D:3      | Reached XP level 5. HP: 57/57 MP: 5/5
  2481 | D:4      | Slain by a gnoll

Illustrated notes

Levels and vault maps discovered:
D:1:      minmay_arrival_shattered_statue, layout_rooms, grunt_decor_cap
D:2:      layout_rooms, serial_forest, infiniplex_forest_straight_1,
          infiniplex_forest_clump_double, infiniplex_forest_clump_long,
          infiniplex_forest_lined_ring, infiniplex_forest_clump_double,
          infiniplex_forest_corner_2, infiniplex_forest_clump_double,
          infiniplex_forest_clump_diagonal, basic_altar
D:3:      layout_loops_ring, hellmonk_ecumenical_altar_zigzags
D:4:      layout_loops_cross, kennysheep_little_box

Skill      XL: |  1  2  3  4  5 |
---------------+----------------+-----
Dodging        | 3 |  3.6
Fighting       | 5 |  5.4
Maces & Flails | 4 |  4.0

Action                     |  1- 3 |  4- 6 || total
---------------------------+-------+-------++-------
  Melee: Mace              |   100 |    35 ||   135
         Headbutt          |    14 |     6 ||    20
    Use: Potion            |     1 |       ||     1
 Armour: Animal skin       |    62 |    32 ||    94
  Dodge: Dodged            |    64 |    25 ||    89

Table legend: (Time is in decaauts)
 A = Elapsed time spent in this place.
 B = Non-inter-level travel time spent in this place.
 C = Inter-level travel time spent in this place.
 D = Time resting spent in this place.
 E = Time spent auto-exploring this place.
 F = Levels seen in this place.
 G = Mean time per level.
                   A        B        C        D        E       F      G
               +--------+--------+--------+--------+--------+-----+--------+
         Total |   2511 |   2462 |     49 |    282 |   1757 |   4 |  627.8 |
       Dungeon |   2511 |   2462 |     49 |    282 |   1757 |   4 |  627.8 |
               +--------+--------+--------+--------+--------+-----+--------+

Top non-repeatable levels by time:
     D:3: 1093 daAuts
     D:2: 760 daAuts
     D:1: 496 daAuts
     D:4: 161 daAuts
